 Dungeon Crawl Stone Soup version 0.18-a0-844-g9229740 (webtiles) character file.

34193 JokEr the Spear-Bearer (level 13, -4/114 HPs)
             Began as a Merfolk Skald on Dec 18, 2015.
             Was a High Priest of the Shining One.
             Slain by a catoblepas (12 damage)
             ... on level 6 of the Lair of Beasts.
             The game lasted 01:53:35 (32920 turns).

JokEr the Spear-Bearer (Merfolk Skald)             Turns: 32920, Time: 01:53:35

Health: -4/114     AC: 13    Str: 12    XL:     13   Next: 75%
Magic:  8/16       EV:  2    Int: 19    God:    the Shining One [*****.]
Gold:   1042       SH:  0    Dex: 21    Spells: 5 memorised, 5 levels left

rFire  . . .     SeeInvis .     d - +2 trident
rCold  . . .     Gourm    .     T - +1 ring mail {rN+}
rNeg   + + +     Faith    .     f - +0 buckler
rPois  ∞         Spirit   .     o - +2 hat
rElec  .         Dismiss  .     R - +2 cloak
rCorr  .         Reflect  .     g - +0 pair of gloves
SustAt .         Harm     .     e - +0 pair of boots
MR     .....                    (no amulet)
Stlth  ++........               V - +6 ring of dexterity
                                Y - +4 ring of intelligence

@: petrified, infused, singing, glowing, not resistant to hostile enchantments,
unstealthy
A: change form in water, swift swim
a: Divine Shield, Cleansing Flame, Summon Divine Warrior, Renounce Religion,
Stop Singing


You were on level 6 of the Lair of Beasts.
You worshipped the Shining One.
The Shining One was extremely pleased with you.
You were not hungry.

You visited 3 branches of the dungeon, and saw 18 of its levels.

You collected 1583 gold pieces.
You spent 541 gold pieces at shops.

Inventory:

Hand Weapons
 d - a +2 trident (weapon)
 S - the +2 glaive of the Viper {chop, Str+5}
   (You acquired it on level 10 of the Dungeon)

   It inflicts extra damage upon your enemies.
   It affects your strength (+5).
Armour
 e - a +0 pair of boots (worn)
 f - a +0 buckler (worn)
 g - a +0 pair of gloves (worn)
 o - a +2 hat (worn)
 R - a +2 cloak (worn)
 T - a +1 ring mail of positive energy (worn)
Jewellery
 u - a +3 ring of evasion
 x - an uncursed ring of stealth
 V - a +6 ring of dexterity (right hand)
 Y - a +4 ring of intelligence (left hand)
Wands
 i - a wand of magic darts (10)
 n - a wand of paralysis (11)
 B - a wand of teleportation (6)
 C - a wand of confusion (27)
 G - a wand of frost (40)
 K - a wand of slowing (15)
 M - a wand of digging (15)
Scrolls
 b - 2 scrolls of amnesia
 q - 4 scrolls of remove curse
 y - 2 scrolls of enchant weapon
 D - 2 scrolls of fog
 I - a scroll of brand weapon {unknown}
 J - a scroll of recharging
 N - a scroll of summoning {unknown}
 Z - 4 scrolls of enchant armour
Potions
 h - 2 potions of haste
 j - 3 potions of cancellation
 m - 4 potions of might
 r - a potion of ambrosia {unknown}
 t - a potion of magic {unknown}
 w - 2 potions of flight {unknown}
 z - 2 potions of berserk rage {unknown}
 A - a potion of beneficial mutation {unknown}
 E - a potion of resistance {unknown}
 L - 2 potions of brilliance
 O - 3 potions of lignification {unknown}
 P - a potion of mutation {unknown}
 Q - a potion of curing
Books
 c - a book of Battle

   Spells                             Type                      Level
   a - Infusion                       Charms                       1
   b - Shroud of Golubria             Charms/Translocation         2
   c - Song of Slaying                Charms                       2
   d - Spectral Weapon                Hexes/Charms                 3
   e - Regeneration                   Charms/Necromancy            3
 F - a book of Flames

   Spells                             Type                      Level
   a - Flame Tongue                   Conjuration/Fire             1
   b - Throw Flame                    Conjuration/Fire             2
   c - Conjure Flame                  Conjuration/Fire             3
   d - Inner Flame                    Hexes/Fire                   3
   e - Sticky Flame                   Conjuration/Fire             4
   f - Fireball                       Conjuration/Fire             5
 U - a book of Envenomations

   Spells                             Type                      Level
   a - Spider Form                    Transmutation/Poison         3
   b - Alistair's Intoxication        Transmutation/Poison         4
   c - Olgreb's Toxic Radiance        Poison                       4
   d - Poisonous Cloud                Conjuration/Poison/Air       6
   The Shining One disapproves of the use of such an item.
Miscellaneous
 H - a box of beasts
Comestibles
 a - 5 bread rations
 l - 12 meat rations
 v - 3 slices of pizza
 W - a beef jerky


   Skills:
 * Level 14.8 Fighting
 - Level 14.9 Polearms
 - Level 2.1 Armour
 - Level 7.2 Dodging
 - Level 7.8 Stealth
 * Level 5.0 Shields
 - Level 2.0 Spellcasting
 - Level 7.4 Hexes
 - Level 7.7 Charms
 - Level 4.0 Necromancy


You had 5 spell levels left.
You knew the following spells:

 Your Spells              Type           Power        Failure   Level  Hunger
a - Regeneration          Chrm/Necr      ###.......   12%         3    ###....
b - Spectral Weapon       Hex/Chrm       ####....     6%          3    ###....
c - Song of Slaying       Chrm           ####....     2%          2    ###....
d - Shroud of Golubria    Chrm/Tloc      ###.......   14%         2    ###....
j - Infusion              Chrm           ####..       1%          1    #......


Dungeon Overview and Level Annotations

Branches:
Dungeon (11/15)            Temple (1/1) D:4            Lair (6/8) D:11
 Shoals (0/4) Lair:4       Spider (0/4) Lair:3        Slime (0/6) Lair:6
    Orc (0/2) D:10

Altars:
Ashenzari
Dithmenos
Elyvilon
Fedhas
Gozag
Kikubaaqudgha
Makhleb
Nemelex Xobeh
Okawaru
Pakellas
Qazlal
Ru
Trog
Vehumet
Xom
Zin
The Shining One
Beogh

Shops:
D:7 %   D:11 %

Annotations:
D:5 PeterLawrence's ghost, novice GrFi


Message History

Your spectral weapon shares its damage with you!
Your spectral weapon fades away.
The catoblepas gores you!!
Your limbs are stiffening.
You puncture the catoblepas!
The catoblepas is almost dead.
The catoblepas gores you!!
You have turned to stone.
The bush is no longer petrified.
The catoblepas gores you!!
The catoblepas breathes a plume of calcifying dust at you.
The blast of calcifying dust hits you!
You are engulfed in calcifying dust.
The catoblepas gores you!
* * * LOW HITPOINT WARNING * * *
You are engulfed in calcifying dust.
The catoblepas gores you!!
* * * LOW HITPOINT WARNING * * *
You are engulfed in calcifying dust.
The catoblepas gores you!!
* * * LOW HITPOINT WARNING * * *
You are engulfed in calcifying dust.
The catoblepas breathes a plume of calcifying dust at you.
The blast of calcifying dust hits you! The catoblepas gores you!!
You die...

.....# .....#
#....# ..#
##....## ...
#......# .... ...
##....# .... ...#
#P.$.# #.....
....##.§@Y##.#...P
....P.P.....#.....
.................#
.................#
.............P....
...#.#...##P#...#
...#.....####....
.. ##.....# ... .#
#....## .#


You could see a catoblepas.

Vanquished Creatures
  Erolcha (D:8)
  A catoblepas (Lair:5)
  A death yak (Lair:5)
  2 hill giants
  A deep elf mage (D:8)
  An ugly thing (D:10)
  2 elephants
  Joseph (D:10)
  A black mamba (Lair:6)
  Maurice (D:10)
  A torpor snail (Lair:5)
  3 komodo dragons
  7 spiny frogs
  4 fire drakes
  A two-headed ogre (D:11)
  Grinder (D:4)
  15 blink frogs
  Prince Ribbit (D:9)
  A slime creature (D:8)
  2 trolls
  A wraith (D:11)
  A tarantella (Lair:3)
  A hungry ghost (D:7)
  A shadow (D:8)
  A spriggan (D:8)
  55 yaks
  10 hippogriffs
  The ghost of JokEr the Poker, an amateur MfSk of the Shining One (D:3)
  2 wyverns
  2 basilisks
  12 water moccasins
  A soldier ant (D:11)
  8 wolves
  A mottled dragon (D:11)
  Duvessa (D:5)
  5 porcupines
  7 orc warriors
  3 sky beasts
  A black bear (Lair:3)
  A wasp (D:9)
  2 ice beasts
  2 ogres
  10 centaurs
  2 phantoms
  8 crocodiles
  15 giant frogs
  Dowan (D:5)
  3 scorpions
  2 water moccasin zombies
  An oklob sapling (D:4)
  9 wights
  5 crimson imps
  4 giant frog zombies
  A centaur zombie (D:7)
  2 jellies
  4 hounds
  11 orc priests
  2 centaur skeletons
  3 giant frog skeletons
  15 orc wizards
  6 worker ants
  Jessica (D:3)
  4 iguanas
  6 sheep (Lair:4)
  A hound zombie (D:7)
  3 hound skeletons
  12 adders
  21 gnolls
  29 river rats
  12 white imps (Lair:3)
  2 oozes (Lair:6)
  3 worms
  2 adder zombies
  2 adder skeletons (D:4)
  5 giant geckos
  52 orcs
  2 ball pythons
  9 bats
  11 giant cockroaches
  5 goblins
  9 hobgoblins
  16 jackals
  6 kobolds
  7 quokkas
  5 giant newts
  A jackal skeleton (D:4)
  6 rats
  5 plants
508 creatures vanquished.

Vanquished Creatures (others)
  4 fungi (Lair:4)
  5 plants
  3 spectral weapons
12 creatures vanquished.

Grand Total: 520 creatures vanquished

Notes
Turn   | Place    | Note
--------------------------------------------------------------
     0 | D:1      | JokEr the Merfolk Skald began the quest for the Orb.
     0 | D:1      | Reached XP level 1. HP: 16/16 MP: 3/3
   190 | D:1      | Reached XP level 2. HP: 21/23 MP: 5/5
   595 | D:1      | Reached skill level 4 in Polearms
   659 | D:1      | Reached XP level 3. HP: 29/29 MP: 6/6
  1518 | D:2      | Reached XP level 4. HP: 31/35 MP: 0/7
  1611 | D:2      | Reached skill level 5 in Polearms
  2671 | D:3      | Found an oddly glowing altar of Pakellas.
  2937 | D:3      | Found a bloodstained altar of Trog.
  3127 | D:2      | Reached XP level 5. HP: 10/42 MP: 8/8
  3537 | D:3      | Found a burning altar of Makhleb.
  3542 | D:3      | Found a stormy altar of Qazlal.
  3542 | D:3      | Noticed JokEr's ghost (amateur MfSk)
  3610 | D:3      | Killed JokEr's ghost
  3610 | D:3      | Reached skill level 6 in Polearms
  3610 | D:3      | Reached XP level 6. HP: 10/49 MP: 0/9
  4279 | D:3      | Found a sparkling altar of Nemelex Xobeh.
  4351 | D:3      | Noticed Jessica
  4352 | D:3      | Found a shattered altar of Ashenzari.
  4362 | D:3      | Killed Jessica
  4362 | D:3      | Reached skill level 7 in Polearms
  4498 | D:3      | Learned a level 3 spell: Spectral Weapon
  4567 | D:3      | Reached skill level 5 in Fighting
  4757 | D:4      | Reached XP level 7. HP: 48/56 MP: 5/10
  5135 | D:4      | Reached skill level 5 in Charms
  5227 | D:4      | Found a staircase to the Ecumenical Temple.
  5522 | Temple   | Entered the Ecumenical Temple
  5548 | Temple   | Became a worshipper of the Shining One
  5560 | Temple   | Learned a level 2 spell: Song of Slaying
  6240 | D:5      | Entered Level 5 of the Dungeon
  6819 | D:4      | Reached skill level 8 in Polearms
  7143 | D:4      | Reached XP level 8. HP: 57/64 MP: 8/11
  7364 | D:5      | Noticed PeterLawrence's ghost (novice GrFi)
  8190 | D:4      | Reached skill level 9 in Polearms
  8859 | D:5      | Reached * piety under the Shining One
  9085 | D:5      | Noticed Grinder
  9535 | D:4      | Paralysed by Grinder for 4 turns
  9546 | D:4      | Paralysed by Grinder for 2 turns
  9553 | D:4      | Killed Grinder
 10379 | D:4      | Reached skill level 10 in Polearms
 10379 | D:4      | Reached XP level 9. HP: 19/72 MP: 4/12
 11263 | D:5      | Noticed Duvessa
 11266 | D:5      | Noticed Dowan
 11270 | D:5      | Killed Duvessa
 11275 | D:5      | Killed Dowan
 11824 | D:5      | Reached skill level 1 in Armour
 12524 | D:6      | Reached skill level 11 in Polearms
 13020 | D:6      | Found a sparkling altar of Nemelex Xobeh.
 13289 | D:6      | Learned a level 3 spell: Regeneration
 13336 | D:7      | Found Reriupsi's Food Shoppe.
 13347 | D:7      | Bought a bread ration for 50 gold pieces
 13347 | D:7      | Bought a bread ration for 50 gold pieces
 13347 | D:7      | Bought a meat ration for 50 gold pieces
 13347 | D:7      | Bought a bread ration for 50 gold pieces
 13391 | D:7      | Reached skill level 1 in Stealth
 13422 | D:7      | Reached ** piety under the Shining One
 13894 | D:7      | Reached XP level 10. HP: 74/83 MP: 13/13
 14239 | D:8      | Noticed Erolcha
 14269 | D:8      | Killed Erolcha
 14269 | D:8      | Reached skill level 12 in Polearms
 14724 | D:8      | Found a shimmering altar of Xom.
 15036 | D:8      | Reached skill level 5 in Stealth
 15100 | D:8      | Found a shattered altar of Ashenzari.
 15122 | D:8      | Reached skill level 10 in Fighting
 15124 | D:8      | Found an ancient bone altar of Kikubaaqudgha.
 15125 | D:8      | Noticed a deep elf mage
 15154 | D:8      | Killed a deep elf mage
 15154 | D:8      | Reached skill level 13 in Polearms
 16093 | D:9      | Found a radiant altar of Vehumet.
 16480 | D:9      | Noticed Prince Ribbit
 16488 | D:9      | Reached XP level 11. HP: 83/92 MP: 9/14
 16502 | D:9      | Reached *** piety under the Shining One
 17248 | D:9      | Killed Prince Ribbit
 17649 | D:10     | Entered Level 10 of the Dungeon
 17774 | D:10     | Reached skill level 14 in Polearms
 17808 | D:10     | Found a staircase to the Orcish Mines.
 17832 | D:10     | Found a roughly hewn altar of Beogh.
 17832 | D:10     | Reached **** piety under the Shining One
 18308 | D:10     | Noticed Maurice
 18340 | D:10     | Killed Maurice
 18578 | D:10     | Noticed Joseph
 18606 | D:10     | Killed Joseph
 18746 | D:10     | Identified 2 scrolls of acquirement
 18749 | D:10     | Got a bloodstained glaive
 18760 | D:10     | Identified the +2 glaive of the Viper {chop, Str+5} (You acquired it on level 10 of the Dungeon)
 19094 | D:11     | Noticed a hill giant
 19096 | D:11     | Noticed a hill giant
 19496 | D:10     | Killed a hill giant
 19496 | D:10     | Reached skill level 1 in Hexes
 20336 | D:10     | HP: 2/93 [white ugly thing (23)]
 20768 | D:11     | Killed a hill giant
 20875 | D:11     | Found Uliblo's Food Shoppe.
 20887 | D:11     | Bought a bread ration for 55 gold pieces
 20887 | D:11     | Bought 4 fruits for 66 gold pieces
 20887 | D:11     | Bought a bread ration for 55 gold pieces
 20887 | D:11     | Bought a bread ration for 55 gold pieces
 20887 | D:11     | Bought a meat ration for 55 gold pieces
 20887 | D:11     | Bought a meat ration for 55 gold pieces
 20921 | D:11     | Learned a level 2 spell: Shroud of Golubria
 21431 | D:11     | Reached skill level 5 in Hexes
 21468 | D:11     | Reached XP level 12. HP: 85/102 MP: 2/15
 21529 | D:11     | Noticed an eight-headed hydra
 21582 | D:11     | Found a staircase to the Lair.
 21605 | Lair:1   | Entered Level 1 of the Lair of Beasts
 23399 | Lair:2   | Reached skill level 1 in Necromancy
 26228 | Lair:3   | Reached XP level 13. HP: 33/111 MP: 10/16
 26501 | Lair:3   | Reached skill level 5 in Dodging
 26552 | Lair:3   | Found a hole to the Spider Nest.
 26643 | Lair:3   | Reached ***** piety under the Shining One
 26960 | Lair:3   | You fall through a shaft for 2 floors!
 27875 | Lair:4   | Found a staircase to the Shoals.
 28916 | Lair:3   | Reached skill level 1 in Shields
 32540 | Lair:6   | Found a staircase to the Slime Pits.
 32759 | Lair:6   | Reached skill level 5 in Shields
 32920 | Lair:6   | Slain by a catoblepas

Vault maps used:
D:1:      saegor_arrival_simple_d
D:2:      kennysheep_generic_room_2
D:3:      lemuel_crystal_altar, old_standard_altar, cheibrodos_ashenzari_chains,
          grunt_temple_overflow_open, uniq_jessica
D:4:      minmay_temple_entry_oklob, dk_noncrumbling_3
D:5:      first_bread, minmay_misc_feat_more_columns, uniq_duvessa, uniq_grinder
D:6:      nemelex_lonely_heart_becter
D:7:      serial_shops, nicolae_shop_statue_plus
D:8:      tgw_xom, the_bakery, jmf_multi_god_temple, uniq_erolcha
D:9:      vehumet_crystals, serial_bayou, serial_bayou_pond_e,
          serial_bayou_crossing, serial_bayou_pond_e, serial_bayou_pond_c,
          minmay_strange_pillars, nicolae_two_hexagons, uniq_prince_ribbit1
D:10:     minmay_orc_entry_temple_small, minmay_misc_feat_four_crosses,
          uniq_joseph, uniq_maurice
D:11:     dpeg_lair_monsters, serial_shops, shop, lab_entry_generic,
          yredelemnul_altar_generic
Temple:   circular_temple_12
Lair:1:   st_stairs_9, minivault_19
Lair:2:   grunt_megastairs_2
Lair:3:   spider_nest_entry_rubble, portal_ice_cave_entry_imps
Lair:4:   minmay_shoals_entry_centaurs, minmay_lair_drake_nest,
          infiniplex_staircase_pool
Lair:5:   statuecave_lemuel, minmay_holes, cheibrodos_lair_caveside_slide,
          lemuel_fruit_tree
Lair:6:   nicolae_slime_entry_slimehenge, serial_bayou_lagoon_a, uniq_josephine,
          uniq_rupert

Action                   |  1- 3 |  4- 6 |  7- 9 | 10-12 | 13-15 || total
-------------------------+-------+-------+-------+-------+-------++-------
Melee: Spear             |   190 |   246 |       |       |       ||   436
       Trident           |       |    59 |   656 |   459 |   340 ||  1514
       Glaive            |       |       |       |   376 |   108 ||   484
 Cast: Infusion          |     8 |    26 |    19 |    59 |    36 ||   148
       Song of Slaying   |       |       |    33 |    32 |    15 ||    80
       Spectral Weapon   |       |       |       |     7 |    13 ||    20
       Shroud of Golubri |       |       |       |    17 |    22 ||    39
  Use: Scroll            |     2 |     5 |     7 |    14 |     7 ||    35
       Potion            |       |       |     5 |     8 |     3 ||    16
 Stab: Sleeping          |       |       |       |     1 |     1 ||     2
       Distracted        |       |       |       |     1 |       ||     1
  Eat: Chunk             |     1 |     7 |    22 |    11 |     9 ||    50
       Bread ration      |       |     1 |     1 |     7 |     2 ||    11
       Pizza             |       |     1 |     1 |       |       ||     2
       Fruit             |       |       |     6 |     3 |     8 ||    17
       Meat ration       |       |       |     1 |       |       ||     1
       Royal jelly       |       |       |       |       |     1 ||     1
